 Dungeon Crawl Stone Soup version 0.20-a0-700-gbd4582c (webtiles) character file.

389 OgreWrestling the Changer (level 6, -8/43 HPs)
             Began as a Merfolk Transmuter on Feb 20, 2017.
             Mangled by a centaur (9 damage)
             ... on level 6 of the Dungeon.
             The game lasted 00:07:15 (5405 turns).

OgreWrestling the Changer (Merfolk Transmuter)      Turns: 5405, Time: 00:07:16

Health: -8/43      AC:  2    Str: 10    XL:     6   Next: 79%
Magic:  8/10       EV: 22    Int: 14    God:
Gold:   277        SH:  0    Dex: 20    Spells: 1/11 levels left

rFire    . . .     SeeInvis .     - Unarmed
rCold    . . .     Gourm    .   (armour currently unavailable)
rNeg     . . .     Faith    .   (shield currently unavailable)
rPois    x         Spirit   .   (helmet currently unavailable)
rElec    .         Reflect  .   (cloak currently unavailable)
rCorr    .         Harm     .   (gloves currently unavailable)
MR       .....                  (boots currently unavailable)
Stlth    ++........             (no amulet)
Regen    0.2/turn               (no ring)
MPRegen  0.2/turn               (no ring)

@: spider-form (expiring)
A: (change form in water), (swift swim), (stealthy swim)
a: End Transformation


You were on level 6 of the Dungeon.
You were not hungry.
You were a venomous arachnid creature.
You visited 1 branch of the dungeon, and saw 6 of its levels.

You collected 277 gold pieces.

Inventory:

Missiles
 a - 37 arrows
Armour
 b - a +0 robe (melded)
Jewellery
 n - an uncursed ring of flight {unknown}
 r - an uncursed ring of magical power {unknown}
Wands
 p - a wand of random effects (19/48)
 v - a wand of lightning (7/15)
 w - a wand of digging (10/24)
Scrolls
 e - 3 scrolls of identify {unknown}
 g - a scroll of fog {unknown}
 i - 6 scrolls of remove curse
 k - a scroll of magic mapping {unknown}
 l - 2 scrolls of amnesia {unknown}
 m - a scroll of recharging {unknown}
 s - a scroll of fear {unknown}
Potions
 h - a potion of might {unknown}
 j - a potion of resistance {unknown}
 o - a potion of lignification {unknown}
 q - a potion of brilliance {unknown}
 t - a potion of berserk rage {unknown}
 x - 2 potions of agility {unknown}
Books
 c - a book of Changes

   Spells                             Type                      Level
   a - Beastly Appendage              Transmutation                1
   b - Sticks to Snakes               Transmutation                2
   c - Spider Form                    Transmutation/Poison         3
   d - Ice Form                       Ice/Transmutation            4
   e - Blade Hands                    Transmutation                5
Comestibles
 d - 2 bread rations
 f - 2 meat rations
 u - 3 chunks of flesh


   Skills:
 - Level 1.1 Fighting
 - Level 3.4 Dodging
 - Level 4.4 Unarmed Combat
 - Level 3.0 Spellcasting
 + Level 5.2 Transmutations
 * Level 4.1 Ice Magic


You had one spell level left.
You knew the following spells:

 Your Spells              Type           Power        Failure   Level  Hunger
a - Beastly Appendage     Tmut           ###...       10%         1    #......
b - Sticks to Snakes      Tmut           ###.....     14%         2    ##.....
c - Spider Form           Tmut/Pois      #.........   45%         3    ###....
d - Ice Form              Ice/Tmut       ###.....     61%         4    #####..


Dungeon Overview and Level Annotations

Branches:
Dungeon (6/15)             Temple (0/1) D:5

Altars:
Fedhas
Nemelex Xobeh
Zin

Shops:
D:4 (


Message History

The centaur shoots an arrow.
The arrow hits you.
* * * LOW HITPOINT WARNING * * *
The centaur shoots an arrow.
The arrow completely misses you.
You see here 2 arrows.
Unknown command.
The centaur unwields an uncursed shortbow.
The centaur completely misses you.
Unknown command.
You hit the centaur.
The centaur is poisoned.
The centaur is moderately wounded.
The centaur barely misses you.
Unknown command.
You hit the centaur.
The centaur looks as sick as possible!
The centaur is moderately wounded.
The centaur completely misses you. x2
Unknown command.
You hit the centaur.
The centaur is severely wounded.
The centaur hits you!
You die...

## #. ### #. #####.#
####.###########......
#.....#.(.............
#..((..#########..
#.(##### #.. ##s.##
#.. #c..(# #.. #....#
#.. #......# ##..
#........# #...
#........# #### #...
......#.... ....##...
.....#...... ........
..... ..##### #.......


You could see a centaur.

Vanquished Creatures
  A howler monkey (D:4)
  A hound (D:4)
  2 orc priests (D:6)
  A bullfrog skeleton (D:4)
  A worker ant (D:5)
  4 adders
  4 gnolls (D:3)
  A shadow imp (D:5)
  An adder skeleton (D:4)
  3 worms
  4 dart slugs (D:1)
  3 leopard geckos
  8 orcs
  A ball python (D:1)
  7 bats
  7 giant cockroaches
  9 hobgoblins
  11 jackals
  5 frilled lizards
  3 goblins
  4 kobolds
  6 rats
87 creatures vanquished.

Vanquished Creatures (collateral kills)
  2 adders
  A bat (D:2)
  A goblin (D:2)
  A rat (D:2)
5 creatures vanquished.

Grand Total: 92 creatures vanquished

Notes
Turn   | Place    | Note
-------+----------+-------------------------------------------
     0 | D:1      | OgreWrestling the Merfolk Transmuter began the quest for the Orb.
     0 | D:1      | Reached XP level 1. HP: 15/15 MP: 3/3
   194 | D:1      | Reached XP level 2. HP: 16/21 MP: 3/5
   209 | D:1      | Learned a level 2 spell: Sticks to Snakes
   634 | D:1      | Reached XP level 3. HP: 26/26 MP: 2/6
   639 | D:1      | Learned a level 3 spell: Spider Form
   759 | D:1      | Reached skill level 3 in Transmutations
  1794 | D:3      | Reached skill level 4 in Transmutations
  1794 | D:3      | Reached XP level 4. HP: 32/32 MP: 5/7
  2341 | D:3      | Found a sparkling altar of Nemelex Xobeh.
  2485 | D:3      | HP: 1/32 [gnoll/spear (7)]
  2846 | D:3      | Reached XP level 5. HP: 34/37 MP: 5/9
  3003 | D:3      | Found a glowing silver altar of Zin.
  3110 | D:3      | Learned a level 4 spell: Ice Form
  3301 | D:4      | Found Dobuyqoj's Weapon Shoppe.
  3363 | D:4      | Reached skill level 1 in Ice Magic
  3904 | D:4      | Reached XP level 6. HP: 43/43 MP: 4/10
  4742 | D:5      | Entered Level 5 of the Dungeon
  4975 | D:5      | Found a staircase to the Ecumenical Temple.
  5061 | D:5      | Found a blossoming altar of Fedhas.
  5321 | D:6      | Reached skill level 5 in Transmutations
  5401 | D:6      | HP: 1/43 [centaur/arrow (4)]
  5405 | D:6      | Mangled by a centaur

Vault maps used:
D:1:      ncdulo_smallfort, minmay_misc_feat_tiny
D:2:      first_bread, minivault_27
D:3:      nemelex_altar_shiori, zin_academy
D:4:      serial_shops, shop
D:5:      fedhas_altar_3, minmay_temple_entry_poolview
D:6:      uniq_blork_the_orc

Skill      XL: |  1  2  3  4  5  6 |
---------------+-------------------+-----
Unarmed Combat | 4 |  4.4
Transmutations | 4 5 |  5.2
Spellcasting   | 3 |  3.0
Ice Magic      | 2 4 |  4.1
Dodging        | 3 |  3.4
Fighting       | |  1.1

Action                   |  1- 3 |  4- 6 || total
-------------------------+-------+-------++-------
Melee: Unarmed           |   110 |   155 ||   265
       Headbutt          |    12 |     1 ||    13
       Punch             |       |     1 ||     1
 Cast: Beastly Appendage |    29 |     1 ||    30
       Sticks to Snakes  |     9 |     2 ||    11
       Spider Form       |       |    19 ||    19
       Ice Form          |       |     6 ||     6
  Use: Scroll            |     2 |       ||     2
 Stab: Sleeping          |     1 |     2 ||     3
  Eat: Chunk             |     4 |     8 ||    12
       Bread ration      |       |     2 ||     2
Armor: Robe              |    29 |     8 ||    37
       Skin              |       |     5 ||     5
Dodge: Dodged            |    79 |   113 ||   192
